 Dungeon Crawl Stone Soup version 0.25.1-2-g60ff931df9 (webtiles) character file.

Game seed: 11747405131392808691

2715 hawla the Stinger (level 9, -5/67 HPs)
             Began as a Black Draconian Venom Mage on Nov 10, 2020.
             Was a Follower of Vehumet.
             Slain by a two-headed ogre
             ... wielding a cursed -3 giant club
              (11 damage)
             ... on level 8 of the Dungeon.
             The game lasted 00:29:49 (9616 turns).

hawla the Stinger (Black Draconian Venom Mage)      Turns: 9616, Time: 00:29:50

Health: -5/67      AC: 11    Str: 10 (11) XL:     9   Next: 39%
Magic:  8/19       EV: 13    Int: 19      God:    Vehumet [*.....]
Gold:   430        SH:  0    Dex: 12 (13) Spells: 5/21 levels left

rFire    . . .     SeeInvis .   s - +0 quarterstaff
rCold    . . .     Gourm    .   (shield currently unavailable)
rNeg     . . .     Faith    .   (armour unavailable)
rPois    .         Spirit   .   (helmet restricted)
rElec    +         Reflect  .   l - +1 cloak
rCorr    .         Harm     .   c - +0 pair of gloves
MR       .....                  o - +0 pair of boots
Stlth    ++........             h - amulet of regeneration
HPRegen  0.61/turn              (no ring)
MPRegen  0.16/turn              (no ring)

@: no status effects
A: breathe lightning, unfitting armour, stinger 1, clever 1, deterioration 1,
electricity resistance, cold-blooded, AC +7
a: Breathe Lightning, Renounce Religion


You were on level 8 of the Dungeon.
You worshipped Vehumet.
Vehumet was aware of your devotion.
You were not hungry.

You visited 2 branches of the dungeon, and saw 9 of its levels.

You collected 475 gold pieces.
You spent 45 gold pieces at shops.

Inventory:

Hand Weapons
 k - a +0 triple sword
 s - a +0 quarterstaff (weapon)
Missiles
 a - 25 poisoned darts (quivered)
 e - 8 boomerangs
 v - a throwing net
Armour
 c - a +0 pair of gloves (worn)
 l - a +1 cloak (worn)
 o - a +0 pair of boots (worn)
Jewellery
 h - an amulet of regeneration (around neck)
Wands
 j - a wand of flame (14)
 m - a wand of polymorph (8)
 u - a wand of digging (3)
Scrolls
 d - a scroll of identify
 f - 5 scrolls of remove curse
 r - a scroll of silence
Potions
 i - 2 potions of might
 n - a potion of stabbing
 p - a potion of curing
 t - a potion of resistance
Comestibles
 b - 21 rations


   Skills:
 + Level 2.0 Fighting
 + Level 2.2 Staves
 + Level 3.2 Dodging
 - Level 1.7 Stealth
 + Level 6.8 Spellcasting
 * Level 3.2 Conjurations
 + Level 3.6 Transmutations
 + Level 1.0 Fire Magic
 + Level 4.3 Air Magic
 + Level 7.7 Poison Magic
 + Level 0.2 Evocations


You had 5 spell levels left.
You knew the following spells:

 Your Spells              Type           Power        Failure   Level  Hunger
a - Sting                 Tmut/Pois      ####         1%          1    None
b - Poisonous Vapours     Pois/Air       ####..       1%          2    None
c - Olgreb's Toxic Radia  Pois           #####...     4%          4    ###....
d - Ignite Poison         Fire/Tmut/Pois ###.....     5%          3    #......
e - Mephitic Cloud        Conj/Pois/Air  ####....     3%          3    #......
f - Apportation           Tloc           #.....       11%         1    None
g - Searing Ray           Conj           ###...       4%          2    None

Your spell library contained the following spells:

 Spells                   Type           Power        Failure   Level  Hunger
 Freeze                   Ice            #...         11%         1    None
 Magic Dart               Conj           ###.         2%          1    None
 Animate Skeleton         Necr           N/A          11%         1    None
 Corona                   Hex            #......      11%         1    None
 Summon Small Mammal      Summ           #...         11%         1    None
 Dazzling Flash           Conj/Hex       ##....       16%         3    #......
 Fulminant Prism          Conj/Hex       ##........   45%         4    ###....
 Iskenderun's Mystic Bla  Conj/Tloc      ##......     45%         4    ###....


Dungeon Overview and Level Annotations

Branches:
Dungeon (8/15)             Temple (1/1) D:5
   Lair: D:8-11

Altars:
Ashenzari
Dithmenos
Elyvilon
Fedhas
Gozag
Kikubaaqudgha
Makhleb
Nemelex Xobeh
Qazlal
Ru
Sif Muna
Uskayaw
Vehumet
Wu Jian
Xom
Yredelemnul
Zin
The Shining One

Shops:
D:4 [


Innate Abilities, Weirdness & Mutations

You can breathe wild blasts of lightning.
Your glossy black scales are hard. (AC +7)
You cannot fit into any form of body armour.
You are resistant to electric shocks. (rElec)
You are cold-blooded and may be slowed by cold attacks.
Your tail ends in a poisonous barb.
Your mind is acute. (Int +2)
Your body sometimes deteriorates upon taking damage.


Message History

Confirm with . or Enter, or press ? or * to list all spells.
Aiming: Sting (safe; 1% risk of failure)
Press: ? - help, Shift-Dir - straight line, f/p - two-headed ogre
Aim: a two-headed ogre, wielding a -3 giant club and a +0 giant spiked club (almost dead, poisoned)
The sting misses the two-headed ogre.
The two-headed ogre hits you with a cursed -3 giant club.
The two-headed ogre hits you with a +0 giant spiked club!
* * * LOW HITPOINT WARNING * * *
The two-headed ogre looks more healthy.
You see here a leather armour.
Casting: Sting (safe; 1% risk of failure)
Confirm with . or Enter, or press ? or * to list all spells.
Aiming: Sting (safe; 1% risk of failure)
Press: ? - help, Shift-Dir - straight line, f/p - two-headed ogre
Aim: a two-headed ogre, wielding a -3 giant club and a +0 giant spiked club (almost dead)
The sting misses the two-headed ogre.
The two-headed ogre hits you with a cursed -3 giant club!
* * * LOW HITPOINT WARNING * * *
The two-headed ogre hits you with a +0 giant spiked club!
You die...

#.# #.
#.###
#...#
###.#
#.#
#.#
#.##
#..#
##@#
#O#
#.####
#[##..
#.##.#
#.##.#
#.##.#
#.##.#
#.##.#


You could see a two-headed ogre.

Vanquished Creatures
  A hydra (D:8)
  Joseph (D:7)
  Duvessa (D:4)
  A sky beast (D:7)
  5 ogres
  2 centaurs
  A bullfrog (D:7)
  Dowan (D:4)
  A howler monkey (D:6)
  A bullfrog zombie (D:8)
  2 bullfrog skeletons
  2 orc priests
  4 hounds
  7 orc wizards
  2 worker ants
  3 iguanas
  2 hound skeletons
  A gnoll (D:1)
  6 adders
  2 shadow imps
  An adder zombie (D:5)
  5 worms
  3 dart slugs
  4 leopard geckos
  20 orcs
  11 bats
  6 giant cockroaches
  13 goblins
  3 hobgoblins
  8 jackals
  3 quokkas
  A ball python (D:2)
  5 frilled lizards
  A jackal zombie (D:5)
  8 kobolds
  A quokka zombie (D:5)
  6 rats
145 creatures vanquished.

Notes
Turn   | Place    | Note
-------+----------+-------------------------------------------
     0 | D:1      | hawla the Draconian Venom Mage began the quest for the Orb.
     0 | D:1      | Reached XP level 1. HP: 14/14 MP: 3/3
   189 | D:1      | Reached XP level 2. HP: 20/20 MP: 1/5
   722 | D:1      | Reached XP level 3. HP: 23/26 MP: 2/6
   830 | D:1      | Reached skill level 4 in Poison Magic
  1104 | D:2      | Learned a level 2 spell: Poisonous Vapours
  1541 | D:2      | Found an opulent altar of Gozag.
  1572 | D:2      | Reached XP level 4. HP: 33/33 MP: 1/7
  1761 | D:2      | Learned a level 4 spell: Olgreb's Toxic Radiance
  3957 | D:4      | Gained mutation: Your body sometimes deteriorates upon
                  | taking damage. [potion of mutation]
  3957 | D:4      | Gained mutation: Your mind is acute. (Int +2) [potion of
                  | mutation]
  3957 | D:4      | Gained mutation: Your tail ends in a poisonous barb.
                  | [potion of mutation]
  4039 | D:4      | Reached skill level 1 in Air Magic
  4039 | D:4      | Reached XP level 5. HP: 38/38 MP: 2/9
  4097 | D:4      | Found a white marble altar of Elyvilon.
  4112 | D:4      | Noticed Duvessa
  4112 | D:4      | Noticed Dowan
  4131 | D:4      | Killed Dowan
  4137 | D:4      | Killed Duvessa
  4137 | D:4      | Reached skill level 5 in Poison Magic
  4137 | D:4      | Reached XP level 6. HP: 14/45 MP: 0/11
  4551 | D:4      | Found Esoikao's Armour Shop.
  4597 | D:4      | Bought a +0 cloak for 45 gold pieces
  4635 | D:4      | Found a glowing golden altar of the Shining One.
  4918 | D:4      | Found a stormy altar of Qazlal.
  4941 | D:4      | Learned a level 3 spell: Ignite Poison
  4994 | D:4      | Found a shimmering blue altar of Sif Muna.
  5106 | D:4      | Found a hide-covered altar of Uskayaw.
  5128 | D:5      | Entered Level 5 of the Dungeon
  5151 | D:5      | Found a staircase to the Ecumenical Temple.
  5277 | Temple   | Entered the Ecumenical Temple
  5550 | Temple   | Became a worshipper of Vehumet
  5868 | D:5      | Learned a level 3 spell: Mephitic Cloud
  5879 | D:5      | Found a shattered altar of Ashenzari.
  5952 | D:5      | Reached skill level 1 in Fighting
  5952 | D:5      | Your scales start taking on a glossy black colour.
  5952 | D:5      | Reached XP level 7. HP: 22/52 MP: 5/13
  5952 | D:5      | Gained mutation: You are resistant to electric shocks.
                  | (rElec) [Black Draconian growth]
  6264 | D:5      | Learned a level 1 spell: Apportation
  6598 | D:5      | Reached skill level 1 in Staves
  7123 | D:6      | Reached skill level 5 in Spellcasting
  7123 | D:6      | Reached skill level 6 in Poison Magic
  7336 | D:6      | Reached XP level 8. HP: 59/59 MP: 6/15
  7586 | D:6      | Reached * piety under Vehumet
  7586 | D:6      | Offered knowledge of Freeze by Vehumet.
  7593 | D:6      | Learned a level 2 spell: Searing Ray
  7904 | D:6      | Found a burning altar of Makhleb.
  8217 | D:7      | Reached skill level 1 in Conjurations
  8521 | D:7      | Noticed Joseph
  8528 | D:7      | Killed Joseph
  8528 | D:7      | Reached skill level 7 in Poison Magic
  9216 | D:8      | Reached XP level 9. HP: 64/64 MP: 13/18
  9250 | D:8      | Reached skill level 1 in Fire Magic
  9368 | D:8      | Noticed a seven-headed hydra
  9407 | D:8      | Killed a seven-headed hydra
  9590 | D:8      | Noticed a two-headed ogre
  9616 | D:8      | Slain by a two-headed ogre

Illustrated notes

Levels and vault maps discovered:
D:1:      mrwooster_arrival_arrow, layout_loops_ring, hangedman_decor_push,
          chequers_serial_rivers_micro_d
D:2:      layout_loops_ring, nicolae_gozag_cash_rules_everything_around_me,
          first_ration
D:3:      layout_loops_corners, feat_on_display
D:4:      layout_cave_pools, overflow_temple_1_default,
          nicolae_overflow_hidden_temple, serial_shops,
          nicolae_shop_behind_doors, st_stairs_12, saegor_snake_ambush,
          uniq_duvessa
D:5:      layout_loops_ring, evilmike_ruin_ashenzari,
          minmay_temple_entry_drinking_statues
D:6:      layout_cave_pools, overflow_temple_1_default
D:7:      layout_basic, grunt_ogre_cave, uniq_joseph
D:8:      layout_loops_ring, amethyst_overflow_temple_binary
Temple:   jpeg_temple_alley_garden

Skill      XL: |  1  2  3  4  5  6  7  8  9 |
---------------+----------------------------+-----
Poison Magic   | 4 5 6 7 |  7.7
Spellcasting   | 3 4 5 6 |  6.8
Air Magic      | 1 2 3 4 |  4.3
Transmutations | 2 3 |  3.6
Dodging        | 2 3 |  3.2
Fighting       | 1 2 |  2.0
Staves         | 1 2 |  2.2
Conjurations   | 2 3 |  3.2
Fire Magic     | 1 |  1.0
Stealth        | |  1.7
Evocations     | |  0.2

Action                   |  1- 3 |  4- 6 |  7- 9 || total
-------------------------+-------+-------+-------++-------
Melee: Unarmed           |    48 |    16 |       ||    64
       Tailslap          |     2 |     3 |     9 ||    14
       Quarterstaff      |       |    20 |    84 ||   104
 Cast: Sting             |    44 |    38 |    32 ||   114
       Poisonous Vapours |    11 |    63 |    52 ||   126
       Olgreb's Toxic Ra |       |     9 |    11 ||    20
       Ignite Poison     |       |     1 |    11 ||    12
       Searing Ray       |       |       |     6 ||     6
Evoke: Wand              |       |       |     2 ||     2
  Use: Scroll            |     2 |     7 |     5 ||    14
       Potion            |       |     2 |     6 ||     8
  Eat: Chunk             |     3 |    15 |    14 ||    32
       Ration            |       |     1 |       ||     1
Armor: Skin              |    28 |    22 |   135 ||   185
Dodge: Dodged            |    56 |    45 |   108 ||   209
